 Dungeon Crawl Stone Soup version 0.16-a0-3939-g9a3e665 (webtiles) character file.

4305 Gronka the Protected (level 10, -16/89 HPs)
             Began as a Minotaur Fighter on Feb 6, 2015.
             Was a Follower of Nemelex Xobeh.
             Demolished by Erolcha
             ... wielding a +0 giant club
              (23 damage)
             ... on level 8 of the Dungeon.
             The game lasted 00:26:03 (5504 turns).

Gronka the Protected (Minotaur Fighter)             Turns: 5504, Time: 00:26:03

Health: -16/89     AC: 14    Str: 23      XL:     10   Next: 11%
Magic:  0/4        EV: 11    Int:  4 (5)  God:    Nemelex Xobeh [*.....]
Gold:   514        SH:  0    Dex: 11      Spells: 0 memorised, 9 levels left

rFire  . . .     SeeInvis .     N - +0 scythe
rCold  . . .     Clarity  .     E - +0 chain mail
rNeg   . . .     SustAb   +     (no shield)
rPois  .         Gourm    .     (helmet restricted)
rElec  .         Spirit   +     (no cloak)
rCorr  .         Warding  .     (no gloves)
rMut   .         Stasis   .     (no boots)
MR     .....                    y - amulet of guardian spirit
Stlth  ..........               v - +3 ring of protection
                                H - ring of sustain abilities

@: confused, not resistant to hostile enchantments, extremely unstealthy
A: retaliatory headbutt, horns 2
a: Renounce Religion


You were on level 8 of the Dungeon.
You worshipped Nemelex Xobeh.
Nemelex Xobeh was aware of your devotion.
You were not hungry.

You visited 2 branches of the dungeon, and saw 9 of its levels.

You collected 514 gold pieces.

Inventory:

Hand weapons
 a - a +0 long sword
 w - a +0 trident
 N - a +0 scythe (weapon)
Armour
 b - a +1 scale mail
 c - a cursed +0 shield
 E - a +0 chain mail (worn)
Jewellery
 i - an uncursed ring of flight
 p - an uncursed ring of see invisible
 v - a +3 ring of protection (right hand)
 y - an amulet of guardian spirit (around neck)
 H - a ring of sustain abilities (left hand)
Magical devices
 l - a wand of heal wounds (1)
 L - a wand of frost (5)
 M - a wand of flame (24)
 P - a wand of polymorph (2)
Scrolls
 f - 2 scrolls of blinking
 j - 2 scrolls of identify
 k - 4 scrolls of amnesia
 o - 3 scrolls of teleportation
 r - a scroll of fog
 x - a scroll of enchant weapon {unknown}
 z - a scroll of noise {unknown}
 A - a scroll of random uselessness
 D - a scroll of recharging {unknown}
 F - 2 scrolls of remove curse
 K - a scroll of magic mapping {unknown}
 O - a scroll of fear {unknown}
Potions
 e - a potion of might
 m - a potion of lignification {unknown}
 n - a potion of cancellation {unknown}
 u - a potion of agility {unknown}
 C - a potion of curing {unknown}
 G - 2 potions of brilliance
Miscellaneous
 I - a plain deck of escape
Comestibles
 d - 3 bread rations
 g - a meat ration
 h - 8 royal jellies
 q - 5 fruits
 B - 2 beef jerkies


   Skills:
 + Level 8.3 Fighting
 + Level 3.8 Long Blades
 + Level 8.0 Polearms
 + Level 10.4 Armour
 + Level 7.3 Dodging
 + Level 0.5 Stealth
 + Level 5.1 Shields
 + Level 0.4 Evocations


You had 9 spell levels left.
You didn't know any spells.

Dungeon Overview and Level Annotations

Branches:
Dungeon (8/15)             Temple (1/1) D:6            Lair (0/8) D:8

Altars:
Ashenzari
Cheibriados
Dithmenos
Elyvilon
Fedhas
Gozag
Makhleb
Nemelex Xobeh
Okawaru
Qazlal
Ru
Sif Muna
Trog
Vehumet
Xom
Yredelemnul
Zin
The Shining One

Shops:
D:7 *

Annotations:
D:8 Erolcha


Innate Abilities, Weirdness & Mutations

You reflexively headbutt those who attack you in melee.
You have a pair of horns on your head.


Message History

Zapping:
l - a wand of heal wounds (2)
Press: ? - help, Shift-Dir - straight line, f - you You feel much better.
This wand has 1 charge left.
Something hits you!
You hit something but do no damage. You headbutt something. Something hits you!
You miss something. Your headbutt misses something. Something hits you!
* * * LOW HITPOINT WARNING * * *
Drink which item? (? for menu, Esc to quit)
It was a potion of degeneration.
There was something very wrong with that liquid.
You feel somewhat dopey. Something hits you!
* * * LOW HITPOINT WARNING * * *
Eat which item? (? for menu, Esc to quit)
Okay, then.
Drink which item? (? for menu, Esc to quit)
It was a potion of ambrosia.
You are confused.
You feel invigorated. Something hits you!!
You die...
Your body glows slightly and disappears.

...... .....
.....)# ..#.#.
#.....##.......
...............
##....%.........
#..........(..##
#.†....##.....##
#####.....##......'
#.@{......+.......#
#.#8#.....#.....(##
#+###.....#......##
####
#.....##.....##
##..##
#.....#####'###
#...'#
#......#.....##
#...##
#......#...<.##
#...#
#......+.....+.
########.#
##....##.....##


There were no monsters in sight!

Vanquished Creatures
  A two-headed ogre (D:7)
  A queen bee (D:8)
  The ghost of timbw the Slasher, an average OpBe of Trog (D:6)
  Grum (D:8)
  A hippogriff (D:8)
  Edmund (D:8)
  Menkaure (D:4)
  4 wolves (D:8)
  The ghost of Johnny the Ogre Mage, an average OgWz (D:3)
  2 sky beasts (D:6)
  2 ice beasts (D:8)
  2 ogres
  Sigmund (D:2)
  3 centaurs (D:8)
  A giant frog (D:6)
  Blork the orc (D:8)
  A wyvern zombie (D:7)
  13 killer bees (D:8)
  A quasit (D:8)
  6 crimson imps
  A giant frog zombie (D:6)
  2 goliath beetles
  A giant frog skeleton (D:8)
  5 hounds
  2 iguanas (D:6)
  A centaur skeleton (D:6)
  2 orc wizards
  6 worker ants
  A hound zombie (D:7)
  Robin (D:2)
  6 gnolls
  7 adders
  2 shadow imps
  A giant mite (D:5)
  3 worms
  An adder zombie (D:5)
  2 giant geckos
  2 oozes
  8 orcs
  4 ball pythons
  A bat skeleton (D:5)
  2 bat zombies
  4 giant cockroaches
  11 goblins
  13 hobgoblins
  20 jackals
  A quokka (D:4)
  16 bats
  9 giant newts
  A giant spore (D:7)
  12 kobolds
  2 quokka zombies
  15 rats
  4 ballistomycetes (D:7)
214 creatures vanquished.

Vanquished Creatures (others)
  An orc wizard (D:7)
  An orc (D:7)
  A goblin (D:2)
3 creatures vanquished.

Grand Total: 217 creatures vanquished

Notes
Turn   | Place    | Note
--------------------------------------------------------------
     0 | D:1      | Gronka, the Minotaur Fighter, began the quest for the Orb.
     0 | D:1      | Reached XP level 1. HP: 19/19 MP: 1/1
   157 | D:1      | Reached skill level 4 in Shields
   173 | D:1      | Reached XP level 2. HP: 24/27 MP: 1/1
   562 | D:2      | Reached XP level 3. HP: 33/33 MP: 2/2
   581 | D:2      | Noticed Robin
   593 | D:2      | Reached skill level 1 in Dodging
   599 | D:2      | Killed Robin
   682 | D:2      | Reached XP level 4. HP: 40/40 MP: 2/2
   828 | D:2      | Noticed Sigmund
   835 | D:2      | Killed Sigmund
   835 | D:2      | Reached skill level 5 in Shields
   835 | D:2      | Reached XP level 5. HP: 31/46 MP: 2/2
  1187 | D:3      | Found a bloodstained altar of Trog.
  1224 | D:3      | Reached skill level 5 in Armour
  1294 | D:3      | Reached XP level 6. HP: 40/53 MP: 3/3
  1304 | D:3      | Noticed Johnny's ghost (average OgWz)
  1320 | D:3      | Killed Johnny's ghost
  1320 | D:3      | Reached skill level 1 in Polearms
  1630 | D:3      | Found a stormy altar of Qazlal.
  1809 | D:4      | Noticed Menkaure
  1819 | D:4      | Killed Menkaure
  1819 | D:4      | Reached XP level 7. HP: 53/60 MP: 3/3
  1881 | D:4      | Reached skill level 5 in Fighting
  1881 | D:4      | Reached skill level 6 in Armour
  1960 | D:4      | Found a radiant altar of Vehumet.
  2039 | D:4      | Found an opulent altar of Gozag.
  2168 | D:5      | Entered Level 5 of the Dungeon
  2749 | D:6      | Reached skill level 5 in Dodging
  2795 | D:6      | Found a staircase to the Ecumenical Temple.
  2847 | D:6      | Noticed timbw's ghost (average OpBe)
  2855 | D:6      | Reached XP level 8. HP: 47/70 MP: 2/3
  2860 | D:6      | Killed timbw's ghost
  2860 | D:6      | Reached skill level 7 in Armour
  3532 | Temple   | Entered the Ecumenical Temple
  3560 | Temple   | Became a worshipper of Nemelex Xobeh the Trickster
  3586 | Temple   | Received a gift from Nemelex Xobeh
  3656 | D:7      | Found Broust's General Store.
  3656 | D:7      | Noticed a two-headed ogre
  3663 | D:7      | Killed a two-headed ogre
  3663 | D:7      | Reached skill level 5 in Polearms
  3663 | D:7      | Reached skill level 8 in Armour
  3907 | D:7      | Received a gift from Nemelex Xobeh
  4109 | D:7      | Reached XP level 9. HP: 72/79 MP: 4/4
  4361 | D:8      | Found a white marble altar of Elyvilon.
  4469 | D:8      | Reached skill level 9 in Armour
  4646 | D:8      | Found a sacrificial altar of Ru.
  4817 | D:8      | Noticed Edmund
  4892 | D:8      | Killed Edmund
  4934 | D:8      | Found a staircase to the Lair.
  5145 | D:8      | Reached skill level 10 in Armour
  5347 | D:8      | Noticed Blork the orc
  5354 | D:8      | Killed Blork the orc
  5394 | D:8      | Found an iron altar of Okawaru.
  5394 | D:8      | Found a glowing silver altar of Zin.
  5470 | D:8      | Noticed Grum
  5471 | D:8      | Noticed Erolcha
  5475 | D:8      | Reached XP level 10. HP: 32/88 MP: 2/4
  5495 | D:8      | Killed Grum
  5503 | D:8      | HP: 2/89 [something (16)]
  5504 | D:8      | Demolished by Erolcha

Action                   |  1- 3 |  4- 6 |  7- 9 | 10-12 || total
-------------------------+-------+-------+-------+-------++-------
Melee: Long sword        |   114 |    32 |       |       ||   146
       Scythe            |       |    98 |    93 |    10 ||   201
       Trident           |       |    19 |   349 |       ||   368
Evoke: Deck              |       |       |     6 |       ||     6
       Wand              |       |       |       |     7 ||     7
  Use: Scroll            |       |     9 |     6 |       ||    15
       Potion            |       |     1 |     7 |     2 ||    10
  Eat: Bread ration      |       |     1 |     3 |       ||     4
